 Dungeon Crawl Stone Soup version 0.30.1-3-gfc49f6343a (webtiles) character file.

Game seed: 9703024506815987377

400 Clawberto the Chopper (level 6, -6/61 HPs)
             Began as a Troll Berserker on Aug 6, 2023.
             Was a Believer of Trog.
             Mangled by a gnoll
             ... wielding a +0 spear
             ... led by a gnoll bouda
              (7 damage)
             ... on level 5 of the Dungeon.
             The game lasted 00:13:04 (3565 turns).

Clawberto the Chopper (Troll Berserker)             Turns: 3565, Time: 00:13:05

Health: -6/61      AC:  5    Str: 28    XL:     6   Next: 54%
Magic:  5/5        EV: 10    Int:  3    God:    Trog [**....]
Gold:   791        SH:  0    Dex:  9    Spells: 5/5 levels left

rFire   . . .        a - +0 hand axe (heavy)
rCold   . . .        (no shield)
rNeg    . . .        b - +1 animal skin
rPois   .            (helmet restricted)
rElec   .            (no cloak)
rCorr   .            (gloves unavailable)
SInv    .            (boots unavailable)
Will    ++...        (no amulet)
Stlth   +            (no ring)
HPRegen 2.10/turn    (no ring)
MPRegen 0.09/turn

%: no passive effects
@: strong-willed, on berserk cooldown, regenerating, slowed, very slow
A: large, unfitting armour, claws 3, regeneration 1, shaggy fur 1, tough skin 1
a: Renounce Religion, Berserk, Trog's Hand


You were on level 5 of the Dungeon.
You worshipped Trog.
Trog was pleased with you.
You visited 1 branch of the dungeon, and saw 5 of its levels.

You collected 791 gold pieces.

Inventory:

Hand Weapons
 a - a +0 heavy hand axe (weapon)
Armour
 b - a +1 animal skin (worn)
Scrolls
 d - 5 scrolls of identify
 e - a scroll of enchant weapon
 g - a scroll of teleportation
Potions
 c - a potion of curing
 f - a potion of heal wounds


   Skills:
 + Level 3.4 Fighting
 + Level 4.0 Axes
 * Level 2.2 Armour
 + Level 3.7 Dodging
 - Level 0.2 Stealth


You had 5 spell levels left.
You didn't know any spells.
Your spell library was empty.

Dungeon Overview and Level Annotations

Branches:
Dungeon (5/15)
 Temple: D:4-7

Altars:

Shops:
D:3 (


Innate Abilities, Weirdness & Mutations

You are too large for most types of armour.
You have claws for hands.
Your natural rate of healing is unusually fast.
You are covered in fur. (AC +1)
You have tough skin. (AC +1)


Message History

You are too injured to fight recklessly!
You are too injured to fight recklessly!
You are too injured to fight recklessly!
You are too injured to fight recklessly!
Okay, then.
You barely miss the gnoll. The gnoll hits you with a +0 flail!
The gnoll hits you from afar with a +0 spear.
You barely miss the gnoll. The gnoll closely misses you.
The gnoll hits you from afar with a +0 spear!
* * * LOW HITPOINT WARNING * * *
You slice the gnoll!!
You kill the gnoll!
Trog accepts your kill. The gnoll hits you but does no damage.
Things that are here:
a +0 flail; a gnoll corpse You hit the gnoll.
The gnoll is heavily wounded.
You are no longer berserk.
You are exhausted.
You feel yourself slow down.
The gnoll is no longer moving quickly.
The gnoll hits you with a +0 spear.
* * * LOW HITPOINT WARNING * * *
The gnoll barely misses you. The gnoll attacks as you move away!
The gnoll closely misses you. x2
The gnoll hits you from afar with a +0 spear.
* * * LOW HITPOINT WARNING * * *
The gnoll completely misses you.
The gnoll hits you from afar with a +0 spear!
* * * LOW HITPOINT WARNING * * *
The gnoll hits you with a +0 spear!
* * * LOW HITPOINT WARNING * * *
Your skin crawls.
You feel strong-willed. The gnoll hits you with a +0 spear.
* * * LOW HITPOINT WARNING * * *
The gnoll hits you with a +0 flail!
* * * LOW HITPOINT WARNING * * *
The gnoll hits you with a +0 spear!
You die...

...............#
..g..g.......#
...g......#
..g.####)## # ##)#
#g.# #.## #######
##.###......# ###
###..g@.......# ..##
#.(..g.......## ...#
##..#.....####
.>.#########..#######
..............#
......######...#
...#### ##...# ..##
#.....# ..# ........


You could see 2 gnolls.

Vanquished Creatures
  A scorpion (D:3)
  A jelly (D:4)
  A hound (D:5)
  A gnoll bouda (D:5)
  5 orc wizards (D:4)
  4 adders
  3 gnolls (D:5)
  4 dart slugs (D:1)
  7 orcs
  3 bats
  An endoplasm (D:3)
  4 giant cockroaches
  2 goblins
  4 hobgoblins
  8 jackals
  6 kobolds
  4 quokkas
  5 ball pythons
  3 frilled lizards
  A rat (D:2)
68 creatures vanquished.

Notes
Turn   | Place    | Note
-------+----------+-------------------------------------------
     0 | D:1      | Clawberto the Troll Berserker began the quest for the Orb.
     0 | D:1      | Reached XP level 1. HP: 22/22 MP: 0/0
   282 | D:1      | Reached XP level 2. HP: 29/29 MP: 1/1
   793 | D:1      | Reached XP level 3. HP: 36/36 MP: 2/2
  1259 | D:2      | Reached ** piety under Trog
  1260 | D:2      | Reached skill level 3 in Axes
  1260 | D:2      | Reached skill level 1 in Armour
  1947 | D:3      | Noticed a scorpion
  1957 | D:3      | Killed a scorpion
  1958 | D:3      | Reached XP level 4. HP: 44/44 MP: 3/3
  2325 | D:3      | Reached XP level 5. HP: 53/53 MP: 4/4
  2575 | D:3      | Found Fusok's Antique Weapon Shop.
  2778 | D:3      | Identified a scroll of acquirement
  2778 | D:3      | Acquired 575 gold pieces
  3057 | D:4      | Reached XP level 6. HP: 56/61 MP: 5/5
  3466 | D:5      | Entered Level 5 of the Dungeon
  3546 | D:5      | Reached skill level 4 in Axes
  3565 | D:5      | HP: 1/61 [gnoll/+0 flail[a gnoll bouda] (8)]
  3565 | D:5      | Mangled by a gnoll

Illustrated notes

Levels and vault maps discovered:
D:1:      dpeg_arrival_boxorama, layout_basic, corexii_leaking_fountain
D:2:      layout_basic
D:3:      layout_basic, serial_shops, nicolae_shop_peninsula
D:4:      layout_rooms, kennysheep_generic_room_4
D:5:      layout_cave_pods, lemuel_tele_altar, water_maze_lemuel

Skill      XL: |  1  2  3  4  5  6 |
---------------+-------------------+-----
Axes           | 3 4 |  4.0
Armour         | 1 2 |  2.2
Fighting       | 3 |  3.4
Dodging        | 3 |  3.7
Stealth        | |  0.2

Action                     |  1- 3 |  4- 6 || total
---------------------------+-------+-------++-------
  Melee: Hand axe          |   107 |   138 ||   245
         Punch             |     3 |     3 ||     6
 Invoke: Berserk           |     1 |     2 ||     3
         Trog's Hand       |     1 |     2 ||     3
    Use: Potion            |     6 |     4 ||    10
         Scroll            |     7 |     4 ||    11
 Armour: Animal skin       |    45 |    96 ||   141
  Dodge: Dodged            |    66 |   106 ||   172
